Map: Incorporeal LE

Players

Punny - Winner!

  • Race: Zerg Zerg
  • League: Diamond
  • Spawn Location: 11:00

ManlyManMeat

  • Race: Zerg Zerg
  • League: Diamond
  • Spawn Location: 5:00

VOD

Have the link to the VOD?

Description

Time

  • Played on: July 4, 2025, 7:32 a.m.
  • Length: 18:49
Show
View Real Time Build Order
Export as new Build Order

Punny Zerg - Winner!

Build Orders: Hatch First 

Get SALT Encoding   

  12  0:00  Drone  
  13  0:12  Overlord  
  13  0:16  Drone  
  14  0:31  Drone x2  
  14  0:35  Drone  
  17  0:50  Hatchery  
  17  0:53  Drone  
  18  0:57  Drone  
  18  1:08  Extractor  
  17  1:12  Spawning Pool  
  17  1:13  Drone  
  17  1:17  Drone  
  18  1:28  Drone  
  19  1:44  Overlord  
  19  1:52  Drone  
  20  1:58  Queen  
  22  2:02  Queen  
  22  2:03  Zergling x4  
  26  2:13  Metabolic Boost  
  26  2:15  Drone x2  
  28  2:25  Drone x2  
  30  2:35  Baneling Nest  
  29  2:38  Queen  
  31  2:51  Hatchery  
  31  2:56  Drone  
  31  2:57  Overlord  
  31  3:12  Drone x5  
  36  3:20  Zergling x6  
  39  3:32  Overlord  
  39  3:33  Drone x2  
  41  3:46  Roach Warren  
  40  3:54  Baneling  
  40  4:00  Baneling  
  36  4:24  Overlord  
  36  4:25  Drone x4  
  36  4:26  Roach x4  
  36  4:27  Roach x2  
  52  4:33  Baneling x2  
  52  4:34  Overlord  
  52  4:38  Extractor x2  
  50  4:46  Roach  
  50  4:47  Roach x3  
  57  5:03  Roach  
  57  5:04  Roach  
  55  5:13  Roach  
  53  5:16  Queen  
  53  5:17  Queen  
  52  5:30  Queen  
  52  5:32  Drone x3  
  52  5:33  Drone  
  58  5:36  Drone x3  
  58  5:38  Drone x3  
  64  5:44  Zergling x8  
  68  5:52  Spine Crawler  
  66  6:02  Roach x3  
  66  6:03  Roach  
  68  6:13  Drone x2  
  68  6:14  Drone  
  68  6:15  Queen  
  71  6:36  Lair  
  71  6:39  Drone x3  
  74  6:40  Overlord x3  
  74  6:57  Baneling x4  
  74  7:00  Roach x4  
  74  7:01  Roach x2  
  86  7:10  Drone  
  86  7:12  Evolution Chamber  
  86  7:17  Zergling x8  
  86  7:18  Zergling x4  
  86  7:19  Overlord  
  86  7:21  Drone x2  
  94  7:38  Drone x4, Overlord  
  94  7:39  Overlord  
  94  7:41  Queen  
  98  7:44  Zerg Missile Weapons Level 1  
  91  7:52  Drone x6  
  91  8:08  Drone  
  91  8:09  Drone x3  
  91  8:11  Extractor  
  94  8:15  Queen  
  94  8:16  Spine Crawler  
  94  8:17  Glial Reconstitution  
  95  8:26  Zergling x2  
  96  8:33  Roach x7  
  110  8:34  Ravager x2  
  110  8:35  Ravager  
  110  8:37  Drone  
  110  8:38  Drone  
  115  8:42  Overseer  
  114  8:49  Drone x3  
  117  8:58  Extractor  
  116  9:07  Roach  
  116  9:08  Roach x2  
  116  9:09  Overlord x3  
  122  9:17  Overseer  
  122  9:23  Overlord  
  122  9:24  Overlord x2  
  122  9:26  Overlord x2  
  122  9:27  Overlord  
  122  9:41  Roach  
  122  9:42  Roach x5  
  134  9:46  Overseer  
  134  9:48  Hatchery  
  123  10:02  Ravager  
  123  10:03  Ravager  
  120  10:08  Roach x7  
  120  10:09  Roach x3  
  133  10:23  Roach  
  133  10:24  Roach x5  
  133  10:34  Zerg Missile Weapons Level 2  
  133  10:35  Roach x2  
  131  10:36  Roach  
  131  10:38  Ravager  
  131  10:39  Ravager  
  131  10:40  Ravager x2  
  121  10:50  Ravager  
  121  10:53  Ravager  
  123  11:00  Roach x6  
  123  11:01  Roach x3  
  138  11:18  Roach  
  138  11:21  Roach  
  138  11:22  Roach x7  
  149  11:28  Roach  
  149  11:29  Roach x2  
  124  11:36  Roach x3  
  124  11:39  Ravager  
  121  11:43  Roach  
  121  11:44  Roach x2  
  127  12:05  Roach x5  
  127  12:07  Ravager  
  138  12:18  Hatchery  
  131  12:27  Ravager  
  131  12:28  Roach x6  
  131  12:29  Roach  
  86  12:47  Roach x6  
  86  12:48  Roach x2  
  86  12:50  Zerg Ground Armor Level 1  
  82  13:05  Roach x7  
  89  13:20  Ravager  
  89  13:21  Ravager  
  89  13:23  Ravager x2  
  93  13:27  Ravager  
  93  13:31  Ravager  
  95  13:37  Queen  
  95  13:38  Drone x5  
  95  13:41  Extractor  
  103  13:52  Roach  
  103  13:53  Roach x6  
  115  14:06  Drone x3  
  118  14:10  Drone x3  
  121  14:21  Roach x10  
  121  14:24  Ravager x3  
  142  14:25  Ravager  
  142  14:26  Ravager  
  143  14:51  Ravager  
  143  14:52  Roach  
  146  14:53  Roach x7  
  146  14:56  Hatchery  
  159  15:00  Zergling x8  
  152  15:16  Ravager  
  152  15:17  Ravager x3  
  156  15:26  Roach x2  
  156  15:27  Roach x5  
  167  15:41  Roach  
  167  15:42  Overlord x5  
  169  15:44  Ravager  
  169  15:51  Zerg Ground Armor Level 2  
  166  16:03  Roach  
  166  16:04  Roach x6  
  150  16:38  Zergling x4  
  152  16:41  Ravager  
  152  16:42  Hatchery  
  152  16:43  Ravager, Extractor  
  152  16:45  Ravager, Extractor  
  152  16:46  Ravager  
  153  16:49  Ravager  
  154  16:59  Zergling x2  
  154  17:00  Zergling x2  
  156  17:11  Roach x11  
  178  17:16  Extractor  
  178  17:17  Extractor, Hatchery  
  165  17:41  Hydralisk Den, Roach  
  165  17:42  Roach x5  
  165  17:43  Roach x3  
  182  17:47  Drone  
  182  17:48  Drone  
  175  18:08  Queen  
  175  18:11  Drone  
  175  18:12  Drone x3  
  181  18:13  Spine Crawler x2  
  181  18:14  Zergling x2  
  179  18:22  Drone x4  
  176  18:46  Ravager x4  
  176  18:47  Ravager x2  
Show
View Real Time Build Order
Export as new Build Order

ManlyManMeat Zerg 

Build Orders: Hatch First 

Get SALT Encoding   

  12  0:00  Drone  
  13  0:08  Drone  
  14  0:16  Drone, Extractor  
  15  0:21  Overlord  
  15  0:41  Drone  
  16  0:46  Hatchery  
  15  0:50  Drone  
  15  0:53  Drone  
  17  0:58  Drone  
  18  1:08  Extractor  
  17  1:13  Spawning Pool  
  17  1:16  Drone  
  17  1:20  Drone  
  18  1:26  Drone  
  19  1:37  Drone  
  20  2:01  Queen x2  
  20  2:02  Zergling x4  
  20  2:05  Overlord  
  26  2:12  Drone x2  
  28  2:32  Drone  
  28  2:33  Drone x3  
  32  2:43  Hatchery  
  31  2:48  Drone  
  31  2:49  Drone  
  33  2:52  Metabolic Boost  
  33  3:02  Drone x2  
  33  3:03  Baneling Nest  
  34  3:09  Overlord  
  34  3:18  Drone x2  
  36  3:35  Zergling x8  
  36  3:36  Zergling x4  
  42  3:50  Zergling x4  
  42  3:54  Baneling x2  
  42  3:55  Baneling x4  
  44  3:57  Queen  
  44  3:58  Overlord x2  
  43  4:18  Zergling x10  
  47  4:24  Zergling x10  
  47  4:25  Zergling x6  
  55  4:33  Baneling  
  55  4:42  Zergling x4  
  57  4:48  Extractor  
  57  4:49  Drone x2, Roach Warren  
  55  5:00  Zergling x12  
  55  5:06  Zergling x2  
  55  5:14  Zergling x2  
  55  5:15  Zergling x2  
  55  5:18  Queen x2  
  56  5:26  Drone x2  
  57  5:37  Evolution Chamber  
  54  5:54  Queen x2  
  58  6:03  Roach x6  
  58  6:04  Roach x2  
  65  6:06  Zerg Missile Weapons Level 1  
  65  6:15  Baneling x2  
  65  6:17  Overlord x3  
  65  6:29  Baneling x2  
  65  6:30  Baneling x2  
  63  6:35  Roach x5  
  73  6:42  Drone x3  
  73  6:43  Extractor  
  73  6:52  Roach  
  73  6:53  Roach x3  
  81  6:59  Drone x3  
  84  7:01  Extractor  
  83  7:14  Overlord x3  
  83  7:34  Roach x2  
  83  7:35  Roach x5  
  95  8:00  Roach x3  
  95  8:01  Roach x5  
  109  8:13  Zerg Ground Armor Level 1  
  109  8:16  Drone x3  
  112  8:26  Ravager  
  113  8:27  Ravager  
  114  8:41  Lair  
  114  8:45  Overlord x3  
  114  9:03  Overlord x2  
  114  9:22  Ravager  
  114  9:23  Ravager x2  
  117  9:27  Roach  
  117  9:28  Roach x8  
  135  9:46  Glial Reconstitution  
  123  10:06  Zerg Missile Weapons Level 2  
  117  10:17  Roach x11  
  124  10:30  Roach  
  124  10:31  Roach x3  
  132  10:39  Ravager x2  
  132  10:50  Ravager  
  132  10:54  Ravager  
  134  11:09  Overseer  
  128  11:21  Roach x2  
  132  11:31  Roach x7  
  128  11:38  Roach x6  
  132  11:47  Overlord x2  
  132  12:00  Overlord x2  
  132  12:22  Hatchery  
  112  12:30  Roach x4  
  112  12:31  Roach x4  
  93  12:50  Roach  
  93  12:51  Roach x3  
  80  13:02  Roach x3  
  84  13:09  Roach  
  84  13:10  Roach  
  74  13:13  Drone, Zergling x2  
  71  13:23  Ravager  
  71  13:24  Ravager  
  71  13:26  Roach x2  
  73  13:36  Roach  
  73  13:37  Roach x2  
  79  13:50  Roach x3  
  79  13:51  Zerg Ground Armor Level 2  
  85  14:08  Roach x7  
  99  14:13  Ravager  
  99  14:14  Ravager x6  
  106  14:23  Drone x3  
  109  14:27  Overseer  
  109  14:38  Roach x4  
  117  14:52  Roach x4  
  121  15:12  Roach  
  121  15:13  Roach x4  
  131  15:15  Drone  
  131  15:17  Drone  
  133  15:42  Overlord, Roach x2  
  137  15:43  Overlord x2  
  136  15:55  Roach x2  
  129  16:12  Roach x6  
  128  16:22  Roach x2  
  128  16:23  Roach  
  107  16:32  Roach  
  80  16:33  Roach x2  
  79  16:40  Roach  
  79  16:47  Roach x2  
  85  16:48  Roach  
  91  17:01  Roach x3  
  93  17:14  Roach x3  
  99  17:38  Roach x6  
  111  17:46  Roach  
  94  17:59  Roach x3  
  96  18:12  Ravager  
  96  18:14  Ravager  
  96  18:15  Ravager  
  96  18:17  Ravager  
Tags
 
Add a new tag
Caveats
  • Supply blocks, unpowered buildings, or Contaminate may cause inaccurate times.
  • Supply counts are checked every 10 seconds.